 Dungeon Crawl Stone Soup version 0.28.0-45-g0d030f2227 (webtiles) character file.

Game seed: 3325811633038727987

618 Ablot the Cutter (level 7, -1/60 HPs)
             Began as a Gnoll Chaos Knight on Apr 15, 2022.
             Was a Plaything of Xom.
             Slain by a black bear (2 damage)
             ... on level 5 of the Dungeon.
             The game lasted 00:06:07 (4273 turns).

Ablot the Cutter (Gnoll Chaos Knight)               Turns: 4273, Time: 00:06:09

Health: -1/60      AC:  5    Str: 13    XL:     7   Next: 45%
Magic:  0/10       EV: 11    Int: 11    God:    Xom [...*..]
Gold:   319        SH:  0    Dex: 10    Spells: 10/11 levels left

rFire   . . .      SeeInvis .   a - +0 short sword (chaos)
rCold   . . .      Faith    .   (no shield)
rNeg    . . .      Spirit   +   m - +2 ring mail {rPois}
rPois   +          Reflect  .   D - +0 hat
rElec   .          Harm     .   (no cloak)
rCorr   .          Rampage  .   (no gloves)
Will    .....                   (no boots)
Stlth   +.........              c - amulet of guardian spirit
HPRegen 0.20/turn               b - ring of wizardry
MPRegen 0.12/turn               (no ring)

@: marked
A: fangs 1, strong nose, distributed training, clumsy 1, deformed body
a: Renounce Religion


You were on level 5 of the Dungeon.
You worshipped Xom.
You were a favourite toy of Xom.
You visited 1 branch of the dungeon, and saw 5 of its levels.

You collected 319 gold pieces.

Inventory:

Hand Weapons
 a - a +0 short sword of chaos (weapon)
Missiles
 e - 162 stones
 f - 45 arrows
 j - a throwing net
 k - 62 bolts
 o - 5 poisoned darts (quivered)
 u - 6 boomerangs
 A - 11 sling bullets
Armour
 g - a +0 buckler
 m - a +2 ring mail of poison resistance (worn)
 B - a +2 scale mail of cold resistance
 D - a +0 hat (worn)
Jewellery
 b - a ring of wizardry (left hand)
 c - an amulet of guardian spirit (around neck)
Wands
 v - a wand of mindburst (15)
 y - a wand of flame (10)
Scrolls
 d - a scroll of acquirement {unknown}
 h - 2 scrolls of identify {unknown}
 i - 2 scrolls of magic mapping {unknown}
 l - a scroll of fear {unknown}
 p - 2 scrolls of enchant weapon {unknown}
 r - 2 scrolls of teleportation {unknown}
 t - a scroll of vulnerability {unknown}
Potions
 n - 2 potions of cancellation
 q - a potion of heal wounds
 s - a potion of brilliance {unknown}
 w - a potion of magic {unknown}
 x - a potion of might {unknown}
 z - a potion of degeneration {unknown}
 C - a potion of attraction {unknown}


   Skills:
 + Level 7.0 Fighting
 + Level 7.0 Short Blades
 + Level 2.5 Long Blades
 + Level 2.5 Axes
 + Level 2.5 Maces & Flails
 + Level 2.5 Polearms
 + Level 2.5 Staves
 + Level 2.5 Slings
 + Level 2.5 Bows
 + Level 2.5 Crossbows
 + Level 2.5 Throwing
 + Level 5.2 Armour
 + Level 3.6 Dodging
 + Level 2.5 Stealth
 + Level 2.5 Shields
 + Level 2.5 Unarmed Combat
 + Level 2.5 Spellcasting
 + Level 2.0 Conjurations
 + Level 2.0 Hexes
 + Level 2.0 Summonings
 + Level 2.0 Necromancy
 + Level 2.0 Translocations
 + Level 2.0 Transmutations
 + Level 2.0 Fire Magic
 + Level 2.0 Ice Magic
 + Level 2.0 Air Magic
 + Level 2.0 Earth Magic
 + Level 2.0 Poison Magic
 + Level 2.8 Invocations
 + Level 2.5 Evocations


You had 10 spell levels left.
You knew the following spells:

 Your Spells              Type           Power      Damage    Failure   Level
a - Apportation           Tloc           10%        N/A       10%         1

Your spell library contained the following spells:

 Spells                   Type           Power      Damage    Failure   Level
 Alistair's Intoxication  Tmut/Pois      3%         N/A       92%         5


Dungeon Overview and Level Annotations

Branches:
Dungeon (5/15)
 Temple: D:4-7

Altars:
Cheibriados
Dithmenos


Innate Abilities, Weirdness & Mutations

You have very sharp teeth.
Your uncanny sense of smell can sniff out nearby items.
Your experience applies equally to all skills.
You are clumsy. (Dex -2)
Armour fits poorly on your strangely shaped body.


Message History

You throw a poisoned dart.
The poisoned dart closely misses the black bear.
Unknown command.
You hit the black bear.
The black bear is moderately wounded.
The black bear bites you. The black bear barely misses you.
The black bear claws you.
You barely miss the black bear. You punch the black bear.
The black bear is heavily wounded.
You hit the black bear but do no damage.
The black bear flickers and vanishes!
Deactivating autopickup; reactivate with Ctrl-A.
Something bites you. Something claws you.
Something claws you but does no damage.
No target in view!
No target in view!
No target in view!
You barely miss something. Your bite misses something.
Something bites you but does no damage.
Something claws you but does no damage. x2
You miss something. Something bites you. Something completely misses you.
Something claws you but does no damage.
You hit something. You freeze something. You hit something.
Nothing appears to happen.
You barely miss something. Something bites you! Something claws you. x2
You hit something but do no damage. Something bites you!
Something claws you but does no damage. Something claws you.
You hit something.
Nothing appears to happen.
Your bite misses something. Something bites you!
* * * LOW HITPOINT WARNING * * *
Something claws you.
* * * LOW HITPOINT WARNING * * *
Something claws you.
* * * LOW HITPOINT WARNING * * *
You hit something. Something bites you!
* * * LOW HITPOINT WARNING * * *
Something claws you.
* * * LOW HITPOINT WARNING * * *
Something claws you.
You die... "Huh?
Did I miss anything?"

### .(. #. #.# ..# ##.
#.# ..# ∆ #.. #(# ##..#
... #.# #...# #.# #{#
#.#<# #.. #^# #@# #.#.#
#.. #.# #.###.#.# #.#
##'## #.......# #.#
##...#######.### ##.#
##.....## ##.## #..#
##.......## #...###
...####.........###.#...#
......'†........'.......#
...####.........####....#


There were no monsters in sight!

Vanquished Creatures
  A sky beast (D:4)
  A scorpion (D:4)
  3 hounds
  A jelly (D:4)
  A gnoll shaman (D:4)
  A centaur skeleton (D:3)
  An iguana (D:3)
  An orc wizard (D:4)
  A hound skeleton (D:4)
  10 gnolls
  4 adders
  5 worms
  7 orcs
  5 ball pythons
  10 endoplasms
  3 giant cockroaches
  2 hobgoblins
  3 jackals (D:4)
  4 quokkas
  5 bats
  3 frilled lizards
  6 goblins
  6 kobolds
  3 rats
87 creatures vanquished.

Vanquished Creatures (collateral kills)
  A ball python (D:4)
  A hobgoblin (D:4)
2 creatures vanquished.

Vanquished Creatures (others)
  5 toadstools (D:3)
5 creatures vanquished.

Grand Total: 94 creatures vanquished

Notes
Turn   | Place    | Note
-------+----------+-------------------------------------------
     0 | D:1      | Ablot the Gnoll Chaos Knight began the quest for the Orb.
     0 | D:1      | Reached XP level 1. HP: 23/23 MP: 1/1
    43 | D:1      | XOM: divination: magic mapping
   161 | D:1      | XOM: scenery: summon butterflies
   199 | D:1      | XOM: silly message
   226 | D:1      | XOM: summons friendly quasit
   231 | D:1      | Reached XP level 2. HP: 16/29 MP: 0/2
   843 | D:1      | Found a faded altar of an unknown god.
   883 | D:1      | Reached XP level 3. HP: 35/35 MP: 3/3
   968 | D:1      | XOM: give mutations
   968 | D:1      | Gained mutation: Armour fits poorly on your strangely
                  | shaped body. [Xom's mischief]
   968 | D:1      | Gained mutation: You are clumsy. (Dex -2) [Xom's mischief]
  1420 | D:2      | Reached skill level 1 in Invocations
  1660 | D:2      | Reached skill level 1 in Long Blades
  1660 | D:2      | Reached skill level 1 in Axes
  1660 | D:2      | Reached skill level 1 in Maces & Flails
  1660 | D:2      | Reached skill level 1 in Polearms
  1660 | D:2      | Reached skill level 1 in Staves
  1660 | D:2      | Reached skill level 1 in Slings
  1660 | D:2      | Reached skill level 1 in Bows
  1660 | D:2      | Reached skill level 1 in Crossbows
  1660 | D:2      | Reached skill level 1 in Throwing
  1660 | D:2      | Reached skill level 1 in Stealth
  1660 | D:2      | Reached skill level 1 in Shields
  1660 | D:2      | Reached skill level 1 in Unarmed Combat
  1660 | D:2      | Reached skill level 1 in Spellcasting
  1660 | D:2      | Reached skill level 1 in Evocations
  1903 | D:3      | Reached XP level 4. HP: 38/41 MP: 5/5
  1991 | D:3      | Reached skill level 1 in Conjurations
  1991 | D:3      | Reached skill level 1 in Hexes
  1991 | D:3      | Reached skill level 1 in Summonings
  1991 | D:3      | Reached skill level 1 in Necromancy
  1991 | D:3      | Reached skill level 1 in Translocations
  1991 | D:3      | Reached skill level 1 in Transmutations
  1991 | D:3      | Reached skill level 1 in Fire Magic
  1991 | D:3      | Reached skill level 1 in Ice Magic
  1991 | D:3      | Reached skill level 1 in Air Magic
  1991 | D:3      | Reached skill level 1 in Earth Magic
  1991 | D:3      | Reached skill level 1 in Poison Magic
  2049 | D:3      | XOM: noise
  2070 | D:3      | Reached XP level 5. HP: 38/47 MP: 4/6
  2072 | D:3      | Learned a level 1 spell: Apportation
  2670 | D:3      | XOM: cloud trail
  2833 | D:3      | XOM: torment (28/47 hp)
  2974 | D:4      | Found a shadowy altar of Dithmenos.
  2995 | D:4      | XOM: summons 2 friendly demons
  3006 | D:4      | Reached XP level 6. HP: 32/53 MP: 4/8
  3223 | D:4      | XOM: god gift: glowing glass wand {god gift}
  3234 | D:4      | XOM: 3-stop teleportation journey
  3243 | D:4      | XOM: confuse monster(s)
  3246 | D:4      | Noticed a sky beast
  3251 | D:4      | Reached skill level 5 in Armour
  3293 | D:4      | XOM: summons 3 friendly demons
  3304 | D:4      | HP: 1/53 [something (5)]
  3312 | D:4      | Killed a sky beast
  3316 | D:4      | HP: 1/53 [gnoll/+0 halberd (10)]
  3327 | D:4      | Reached XP level 7. HP: 7/59 MP: 1/10
  3328 | D:4      | XOM: swap monsters
  3756 | D:4      | XOM: god gift: short sword {god gift}
  3870 | D:4      | Found a snail-covered altar of Cheibriados.
  4122 | D:5      | Entered Level 5 of the Dungeon
  4273 | D:5      | HP: 3/60 [something (6)]
  4273 | D:5      | HP: 1/60 [something (2)]
  4273 | D:5      | Slain by a black bear

Illustrated notes

Levels and vault maps discovered:
D:1:      dpeg_arrival_stonehenge_12_columns, layout_basic,
          dreamdust_ecumenical_altar_hidden_monk_grotto, minmay_pentomino_z2
D:2:      layout_basic, chequers_serial_rivers_micro_e
D:3:      layout_basic, minmay_gold_behind_fungi, minmay_strange_pillars
D:4:      layout_basic, grunt_dithmenos_smoke, slow_altar_2
D:5:      layout_loops_corners, mainiacjoe_overflow_surrounded_room,
          nicolae_gozag_seed_capital, minmay_temple_entry_nine_rooms,
          serial_shops, nicolae_shop_trees, cheibrodos_sewer_entry_drain

Skill      XL: |  1  2  3  4  5  6  7 |
---------------+----------------------+-----
Invocations    | 1 2 |  2.8
Long Blades    | 1 2 |  2.5
Axes           | 1 2 |  2.5
Maces & Flails | 1 2 |  2.5
Polearms       | 1 2 |  2.5
Staves         | 1 2 |  2.5
Slings         | 1 2 |  2.5
Bows           | 1 2 |  2.5
Crossbows      | 1 2 |  2.5
Throwing       | 1 2 |  2.5
Stealth        | 1 2 |  2.5
Shields        | 1 2 |  2.5
Unarmed Combat | 1 2 |  2.5
Spellcasting   | 1 2 |  2.5
Evocations     | 1 2 |  2.5
Conjurations   | 1 2 |  2.0
Hexes          | 1 2 |  2.0
Summonings     | 1 2 |  2.0
Necromancy     | 1 2 |  2.0
Translocations | 1 2 |  2.0
Transmutations | 1 2 |  2.0
Fire Magic     | 1 2 |  2.0
Ice Magic      | 1 2 |  2.0
Air Magic      | 1 2 |  2.0
Earth Magic    | 1 2 |  2.0
Poison Magic   | 1 2 |  2.0
Dodging        | 3 |  3.6
Armour         | 5 |  5.2
Fighting       | 7 |  7.0
Short Blades   | 7 |  7.0

Action                   |  1- 3 |  4- 6 |  7- 9 || total
-------------------------+-------+-------+-------++-------
Melee: Short sword       |    88 |   138 |   110 ||   336
       Bite              |     6 |    14 |    13 ||    33
       Punch             |       |     8 |     5 ||    13
Throw: Dart              |       |     4 |     2 ||     6
  Use: Potion            |       |     4 |       ||     4
 Stab: Paralysed         |     1 |       |     2 ||     3
       Distracted        |     1 |       |       ||     1
       Confused          |       |     3 |     3 ||     6
       Petrifying        |       |     1 |       ||     1
Armor: Leather armour    |    14 |       |       ||    14
       Ring mail         |    25 |    40 |    18 ||    83
Dodge: Dodged            |    69 |    65 |    35 ||   169
